 Dungeon Crawl Stone Soup version 0.23.2-33-g5129a83184 (console) character file.

Game seed: 17160328166126600519

558 FlyingSalmon the Spear-Bearer (level 7, -4/52 HPs)
             Began as a Merfolk Gladiator on July 22, 2019.
             Was a Follower of the Shining One.
             Slain by a wyvern (12 damage)
             ... on level 8 of the Dungeon.
             The game lasted 00:12:24 (4395 turns).

FlyingSalmon the Spear-Bearer (Merfolk Gladiator)   Turns: 4395, Time: 00:12:25

Health: -4/52      AC:  6    Str: 16    XL:     7   Next: 31%
Magic:  7/7        EV: 14    Int:  7    God:    the Shining One [*.....]
Gold:   139        SH:  0    Dex: 16    Spells: 6/6 levels left

rFire    . . .     SeeInvis .   a - +0 trident
rCold    . . .     Gourm    .   (no shield)
rNeg     . . .     Faith    .   v - +0 ring mail
rPois    .         Spirit   .   c - +0 helmet
rElec    .         Reflect  .   (no cloak)
rCorr    .         Harm     .   (no gloves)
MR       .....                  (no boots)
Stlth    +.........             (no amulet)
HPRegen  0.17/turn              (no ring)
MPRegen  0.10/turn              (no ring)

@: glowing
A: change form in water, swift swim, stealthy swim
a: Renounce Religion


You were on level 8 of the Dungeon.
You worshipped the Shining One.
The Shining One was aware of your devotion.
You were hungry.

You visited 1 branch of the dungeon, and saw 6 of its levels.

You collected 139 gold pieces.

Inventory:

Hand Weapons
 a - a +0 trident (weapon)
Missiles
 d - a throwing net
 j - 64 stones (quivered)
Armour
 b - a +0 leather armour
 c - a +0 helmet (worn)
 v - a +0 ring mail (worn)
Jewellery
 e - an uncursed amulet of magic regeneration {unknown}
 h - an uncursed ring of magical power {unknown}
 i - an uncursed amulet of regeneration {unknown}
 w - a +5 ring of protection {unknown}
Scrolls
 k - a scroll of enchant armour
 m - 2 scrolls of immolation
 q - 2 scrolls of fog
 s - a scroll of blinking
 u - 2 scrolls of teleportation
Potions
 g - a potion of lignification {unknown}
 l - 4 potions of curing
 n - 3 potions of brilliance {unknown}
 o - a potion of mutation {unknown}
 p - 2 potions of might {unknown}
 r - a potion of heal wounds {unknown}
 t - a potion of ambrosia {unknown}
Comestibles
 f - 7 rations
 x - 6 chunks of flesh


   Skills:
 + Level 3.4 Fighting
 + Level 8.9 Polearms
 + Level 2.8 Throwing
 + Level 2.0 Armour
 + Level 5.3 Dodging


You had 6 spell levels left.
You didn't know any spells.
Your spell library contained the following spells:

 Spells                   Type           Power        Failure   Level  Hunger
 Magic Dart               Conj           #...         65%         1    ##.....
 Blink                    Tloc           N/A          78%         2    ###....
 Call Imp                 Summ           #.......     78%         2    ###....
 Slow                     Hex            #.......     78%         2    ###....
 Conjure Flame            Conj/Fire      #.......     95%         3    ####...
 Mephitic Cloud           Conj/Pois/Air  #.......     95%         3    ####...


Dungeon Overview and Level Annotations

Branches:
Dungeon (5/15)
 Temple: D:4-7

Altars:
Dithmenos
Hepliaklqana
The Shining One

Annotations:
D:4 Menkaure


Message History

The wyvern misses you. The wyvern bites you!
Eat one of 7 chunks of flesh? (ye/n/q)
You eat one of the 7 chunks of flesh.
This raw flesh tastes terrible.
You are feeling hungry.
The wyvern bites you.
You hit the wyvern.
The wyvern is heavily wounded.
The wyvern bites you but does no damage.
The wyvern bites you!
* * * LOW HITPOINT WARNING * * *
You hit the wyvern but do no damage.
The wyvern is heavily wounded.
The wyvern barely misses you.
You closely miss the wyvern.
The wyvern is heavily wounded.
The wyvern closely misses you.
You hit the wyvern.
The wyvern is heavily wounded.
The wyvern misses you. The wyvern bites you!
You die...

.........#
#.#.....########
#.............##
##.....######..#
#......#.()(..##
##........#####
##......##...
#.......#####
##..@...#
##.l.### #.....#
###.#.# #...#
##... .#.# ....
..###


You could see a wyvern.

Vanquished Creatures
  A centaur (D:8)
  Blork the orc (D:4)
  A bullfrog (D:8)
  A bullfrog skeleton (D:4)
  2 centaur skeletons
  An orc priest (D:3)
  A hound (D:4)
  2 worker ants (D:4)
  A hound zombie (D:8)
  3 adders (D:2)
  3 adder zombies (D:3)
  An adder skeleton (D:4)
  2 worms
  13 dart slugs
  9 orcs
  6 bats
  3 giant cockroaches
  4 goblins
  3 hobgoblins
  2 jackals (D:2)
  4 quokkas
  8 frilled lizards
  7 kobolds
  A quokka skeleton (D:4)
  3 rats
83 creatures vanquished.

Notes
Turn   | Place    | Note
-------+----------+-------------------------------------------
     0 | D:1      | FlyingSalmon the Merfolk Gladiator began the quest for the
                  | Orb.
     0 | D:1      | Reached XP level 1. HP: 16/16 MP: 1/1
   199 | D:1      | Reached XP level 2. HP: 22/22 MP: 2/2
   384 | D:1      | Reached skill level 5 in Polearms
   728 | D:2      | Found a hazy altar of Hepliaklqana.
   755 | D:2      | Reached XP level 3. HP: 25/27 MP: 3/3
  1021 | D:2      | Found a faded altar of an unknown god.
  1095 | D:2      | Reached XP level 4. HP: 34/34 MP: 4/4
  1149 | D:2      | Reached skill level 6 in Polearms
  1534 | D:2      | Reached skill level 5 in Dodging
  1921 | D:3      | Reached XP level 5. HP: 26/39 MP: 5/5
  2029 | D:3      | Reached skill level 1 in Armour
  2562 | D:3      | Reached skill level 7 in Polearms
  2651 | D:3      | Found a shadowy altar of Dithmenos.
  2689 | D:3      | Found a glowing golden altar of the Shining One.
  2849 | D:3      | Became a worshipper of the Shining One
  2994 | D:4      | Reached XP level 6. HP: 22/46 MP: 6/6
  3215 | D:4      | Noticed Blork the orc
  3225 | D:4      | Killed Blork the orc
  3415 | D:3      | Reached skill level 8 in Polearms
  3571 | D:4      | Noticed Menkaure
  4193 | D:5      | Entered Level 5 of the Dungeon
  4331 | D:5      | You fall through a shaft for 3 floors!
  4338 | D:8      | Reached * piety under the Shining One
  4344 | D:8      | Reached XP level 7. HP: 48/52 MP: 7/7
  4385 | D:8      | Noticed a wyvern
  4395 | D:8      | Slain by a wyvern

Skill      XL: |  1  2  3  4  5  6  7 |
---------------+----------------------+-----
Polearms       | 5 6 7 8 |  8.9
Dodging        | 5 |  5.3
Armour         | 1 2 |  2.0
Fighting       | 3 |  3.4
Throwing       | |  2.8

Action                   |  1- 3 |  4- 6 |  7- 9 || total
-------------------------+-------+-------+-------++-------
Melee: Trident           |    69 |   182 |    22 ||   273
       Tailslap          |       |     3 |       ||     3
Throw: Throwing net      |     4 |       |       ||     4
       Stone             |     8 |    70 |       ||    78
  Use: Scroll            |       |     8 |       ||     8
 Stab: Sleeping          |       |     4 |       ||     4
  Eat: Chunk             |       |     6 |     1 ||     7
       Ration            |       |     1 |       ||     1
Armor: Leather armour    |    11 |     8 |       ||    19
       Ring mail         |       |    17 |     3 ||    20
Dodge: Dodged            |    32 |    96 |    15 ||   143
